 Dungeon Crawl Stone Soup version 0.31-b1-17-gcfd88c8481 (webtiles) character file.

Game seed: 17321013974102759245

120779 groovy9 the Eclecticist (level 16, 0/93 HPs)
             Began as a Deep Elf Conjurer on Jan 15, 2024.
             Was a High Priest of Vehumet.
             Slain by a demonic crawler (14 damage)
             ... on level 2 of the Spider Nest.
             The game lasted 01:53:13 (30197 turns).

groovy9 the Eclecticist (Deep Elf Conjurer)        Turns: 30197, Time: 01:53:13

Health: 0/93       AC:  9    Str: 10    XL:     16   Next: 30%
Magic:  2/41       EV: 16    Int: 32    God:    Vehumet [*****.]
Gold:   1731       SH:  5    Dex: 13    Spells: 22/53 levels left

rFire   + . .        (no weapon)
rCold   + . .        (no shield)
rNeg    + . .        S - +0 robe {rC+ rF+}
rPois   .            R - +0 helmet
rElec   .            F - +0 cloak
rCorr   .            g - +1 pair of gloves
SInv    .            s - +0 pair of boots
Will    +....        P - amulet of reflection
Stlth   +++++        A - ring of positive energy
HPRegen 0.35/turn    z - ring "Puzuif" {Str+6 Stlth+}
MPRegen 0.27/turn

%: reflection
@: hasted, invisible, very quick
A: iridescent scales 1
a: Renounce Religion


You were on level 2 of the Spider Nest.
You worshipped Vehumet.
Vehumet was extremely pleased with you.
You visited 5 branches of the dungeon, and saw 24 of its levels.

You collected 2370 gold pieces.
You spent 639 gold pieces at shops.

Inventory:

Hand Weapons
 t - the +10 spear of Hiovvuji {drain, rElec}
   (You found it on level 3 of the Dungeon)

   rElec:     It insulates you from electricity.
Missiles
 l - 2 throwing nets
Armour
 g - a +1 pair of gloves (worn)
 s - a +0 pair of boots (worn)
 F - a +0 cloak (worn)
 R - a +0 helmet (worn)
 S - a +0 robe of resistance (worn)
Magical Staves
 d - a staff of conjuration
Jewellery
 e - a ring of protection from fire
 v - a ring of protection from cold
 w - a +6 ring of dexterity
 z - the ring "Puzuif" (right hand) {Str+6 Stlth+}
   (You found it on level 12 of the Dungeon)

   [ring of strength]

   Str+6:     It affects your strength (+6).
   Stlth+:    It makes you more stealthy.
 A - a ring of positive energy (left hand)
 P - an amulet of reflection (around neck)
Wands
 h - a wand of mindburst (25)
 i - a wand of polymorph (13)
 y - a wand of quicksilver (23)
 E - a wand of charming (26)
Scrolls
 c - a scroll of identify
 j - 4 scrolls of revelation
 n - 3 scrolls of enchant armour
 x - 2 scrolls of amnesia
 B - 3 scrolls of poison
 J - 2 scrolls of enchant weapon
 K - 3 scrolls of immolation
 Q - a scroll of butterflies
Potions
 f - 3 potions of ambrosia
 k - 2 potions of resistance
 o - 2 potions of invisibility
 p - 5 potions of heal wounds
 q - 4 potions of curing
 u - 6 potions of cancellation
 C - 5 potions of lignification
 N - 3 potions of attraction


   Skills:
 - Level 8.0 Fighting
 + Level 10.0 Dodging
 + Level 10.0 Stealth
 + Level 19.1 Spellcasting
 * Level 12.3 Conjurations
 - Level 10.6 Translocations
 * Level 13.5 Fire Magic
 - Level 10.6 Alchemy


You had 22 spell levels left.
You knew the following spells:

 Your Spells              Type           Power      Damage    Failure   Level
a - Magic Dart            Conj           100%       1d8       0%          1
b - Searing Ray           Conj           100%       2d8       0%          2
c - Fulminant Prism       Conj/Alch      40%        3d19      1%          4
d - Iskenderun's Mystic   Conj/Tloc      81%        2d16      1%          4
e - Stone Arrow           Conj/Erth      100%       3d13      1%          3
f - Fireball              Conj/Fire      42%        3d17      1%          5
g - Starburst             Conj/Fire      42%        6d12      1%          6
h - Blink                 Tloc           100%       N/A       1%          2
i - Flame Wave            Conj/Fire      85%        2d18      1%          4

Your spell library contained the following spells:

 Spells                   Type           Power      Damage    Failure   Level
 Sting                    Conj/Alch      100%       1d9       0%          1
 Momentum Strike          Conj/Tloc      100%       3d10      0%          2
 Necrotise                Necr           100%       1d9       1%          1
 Sandblast                Erth           60%        2d14      1%          1
 Lesser Beckoning         Tloc           100%       N/A       1%          2
 Mercury Vapours          Alch/Air       100%       N/A       1%          2
 Static Discharge         Conj/Air       100%       3-8/arc   1%          2
 Gell's Gravitas          Tloc           78%        N/A       1%          3
 Inner Flame              Hex/Fire       65%        N/A       1%          3
 Teleport Other           Tloc           78%        N/A       1%          3
 Volatile Blastmotes      Fire/Tloc      100%       2d18      1%          3
 Brom's Barrelling Bould  Conj/Erth      63%        2d8       1%          4
 Olgreb's Toxic Radiance  Alch           78%        N/A       1%          4
 Sticky Flame             Fire/Alch      82%        2d13      1%          4
 Passwall                 Erth           30%        N/A       3%          3
 Vampiric Draining        Necr           30%        2d8       3%          3
 Airstrike                Air            15%        2d(3-19)  3%          4
 Cause Fear               Hex            15%        N/A       12%         4
 Martyr's Knell           Necr/Summ      30%        N/A       12%         4
 Summon Lightning Spire   Summ/Air       30%        N/A       12%         4
 Curse of Agony           Necr           30%        N/A       32%         5
 Dragon's Call            Summ           15%        N/A       100%        9


Dungeon Overview and Level Annotations

Branches:
Dungeon (14/15)            Temple (1/1) D:4            Lair (5/5) D:11
 Shoals (0/4) Lair:3       Spider (2/4) Lair:2        Slime (0/5) Lair:4
    Orc (2/2) D:12            Elf (0/3) Orc:2
 Vaults: D:13-14

Altars:
Ashenzari
Cheibriados
Dithmenos
Elyvilon
Fedhas
Gozag
Hepliaklqana
Kikubaaqudgha
Makhleb
Nemelex Xobeh
Okawaru
Qazlal
Ru
Sif Muna
Trog
Uskayaw
Vehumet
Wu Jian
Xom
Yredelemnul
Zin
The Shining One
Jiyva

Shops:
D:1 ?   D:9 [   Orc:2 !*((*

Annotations:
D:5 1 runed translucent door, mkat's ghost, novice NaAl
D:8 1 runed translucent door
D:12 Curundu's ghost, journeyman MiBe
D:14 Roxanne
Spider:2 Frances; Mlioglotl


Innate Abilities, Weirdness & Mutations

You are partially covered in iridescent scales. (AC +2)


Message History

You are no longer terrified.
The demonic crawler hits you but does no damage. x2
The demonic crawler misses you. Frances misses you.
Casting: Iskenderun's Mystic Blast (safe; 1% risk of failure)
Confirm with . or Enter, or press ? or * to list all spells.
You erupt in a blast of force!
The mystic blast hits the hellwing!!
You kill the hellwing!
The hellwing disappears in a puff of smoke!
The mystic blast hits Frances!
Frances is heavily wounded.
The mystic blast hits the demonic crawler!!
The demonic crawler is moderately wounded.
The demonic crawler hits you.
The demonic crawler completely misses you.
The demonic crawler hits you but does no damage.
The demonic crawler attacks as it pursues you!
The demonic crawler closely misses you. x2
The demonic crawler hits you but does no damage.
You block the demonic crawler's attack. The demonic crawler misses you.
The demonic crawler hits you but does no damage.
The demonic crawler attacks as it pursues you!
You block the demonic crawler's attack.
The demonic crawler completely misses you.
The demonic crawler hits you!
The guardian serpent casts a spell at you.
The bolt of poison hits the demonic crawler.
The bolt of poison hits you!!
You are poisoned.
You feel better. The demonic crawler hits you!
The demonic crawler hits you but does no damage. x2
Okay, then.
You feel yourself speed up.
You block the guardian serpent's attack.
Mlioglotl churns violently!
Mlioglotl seems to grow stronger.
Frances hits you with a +3 dire flail of protection!!
* * * LOW HITPOINT WARNING * * *
The demonic crawler hits you!
You die...

#########
###§§.§...####
##.s§§§§.....?#
##S§§§§§w......#
#@s§§§§§3......##.
#..@..§§§§X.....#..
#....X..§§..#.....#
...
#......w..s.....!#
/.
#...........4...##
..
#..............##
.# #..............#
.# #.......#.....##
#s #......###.s###


You could see Mlioglotl (strong, unable to see you), Frances (fast), a demonic
crawler, a guardian serpent (summoned), an orb spider (wandering, charged,
unable to see you) and a brain worm (summoned, wandering, unable to see you).

Vanquished Creatures
  Rupert (Spider:1)
  A minotaur (Lair:1)
  An entropy weaver (Spider:1)
  2 hydras
  Josephine (Orc:1)
  Erolcha (Orc:1)
  A radroach (Spider:2)
  5 ogre magi
  4 catoblepae
  3 centaur warriors
  A death knight (D:13)
  24 two-headed ogres
  A tengu warrior (D:14)
  4 boulder beetles
  6 death yaks (Lair:5)
  An orc high priest (Orc:2)
  3 demonic crawlers (Spider:1)
  Sonja (D:11)
  The ghost of Imnulubo the Destroyer, a novice TeFE of Vehumet (Lair:1)
  Amaemon (Lair:1)
  2 pharaoh ants (Spider:1)
  2 skysharks (Lair:5)
  5 orb spiders (Spider:1)
  An orc knight (Orc:1)
  4 wolf spiders
  2 oklob plants (Lair:4)
  4 manticores
  2 cyclopes
  9 ugly things
  A torpor snail (Spider:1)
  14 elephants
  2 kobold blastminers (Orc:2)
  A torpor snail (shapeshifter) (D:14)
  2 black mambas (Lair:1)
  Maggie (D:7)
  An orange demon (Lair:1)
  3 gargoyles
  2 kobold demonologists (D:11)
  7 cane toads
  11 komodo dragons
  Psyche (D:11)
  2 rime drakes (D:11)
  An unseen horror (D:10)
  An efreet (D:8)
  2 polar bears
  8 tarantellas
  10 trolls
  A snapping turtle (Lair:3)
  Prince Ribbit (D:6)
  8 blink frogs
  15 slime creatures
  10 jumping spiders
  A vampire (D:11)
  A water elemental (Lair:3)
  A shadow (D:11)
  3 culicivoras (Spider:1)
  Sigmund (D:3)
  2 wyverns
  7 wraiths
  45 yaks
  2 basilisks
  Eustachio (D:5)
  24 redbacks
  9 wargs
  A steam dragon (D:6)
  2 vampire mosquitoes (D:14)
  2 acid dragons
  13 water moccasins
  2 black bears
  An ice beast (D:4)
  4 laughing skulls
  12 orc warriors
  28 ogres
  6 wolves (Lair:3)
  9 centaurs
  A phantom (D:4)
  4 kobold brigands
  15 bullfrogs
  4 scorpions
  12 wights
  4 killer bees (D:9)
  A howler monkey (D:8)
  A bombardier beetle (D:5)
  4 hounds
  2 jellies (D:4)
  13 orc priests
  8 iguanas
  A sleepcap (D:7)
  13 orc wizards
  2 adders (D:6)
  4 ufetubi (D:6)
  7 dart slugs
  6 ribbon worms
  48 orcs
  9 ball pythons
  11 endoplasms
  3 giant cockroaches
  5 goblins
  11 hobgoblins
  2 jackals (D:4)
  A quokka (D:3)
  5 bats
  4 frilled lizards
  15 kobolds
  4 rats
596 creatures vanquished.

Vanquished Creatures (others)
  121 fulminant prisms
121 creatures vanquished.

Grand Total: 717 creatures vanquished

Notes
Turn   | Place    | Note
-------+----------+-------------------------------------------
     0 | D:1      | groovy9 the Deep Elf Conjurer began the quest for the Orb.
     0 | D:1      | Reached XP level 1. HP: 10/10 MP: 6/6
   267 | D:1      | Found Yxeipieq's Magic Scroll Shop.
   291 | D:1      | Reached XP level 2. HP: 15/15 MP: 1/8
   614 | D:1      | Reached skill level 5 in Conjurations
   933 | D:1      | Reached XP level 3. HP: 19/19 MP: 7/10
   937 | D:1      | Learned a level 2 spell: Searing Ray
  1623 | D:2      | Found a faded altar of an unknown god.
  1654 | D:2      | Reached skill level 4 in Spellcasting
  2194 | D:3      | Reached XP level 4. HP: 24/24 MP: 6/12
  2307 | D:3      | Reached XP level 5. HP: 15/28 MP: 7/14
  2398 | D:3      | Found an ornate altar of the Wu Jian Council.
  2524 | D:3      | Found a shadowy altar of Dithmenos.
  2724 | D:3      | Identified the +10 spear of Hiovvuji {drain, rElec}
  2846 | D:3      | Noticed Sigmund
  2850 | D:3      | Killed Sigmund
  2851 | D:3      | Reached skill level 5 in Spellcasting
  2851 | D:3      | Reached XP level 6. HP: 32/32 MP: 9/16
  3115 | D:4      | Found a staircase to the Ecumenical Temple.
  3219 | Temple   | Entered the Ecumenical Temple
  3253 | D:4      | Found a burning altar of Makhleb.
  4112 | D:4      | Reached skill level 6 in Spellcasting
  4272 | D:4      | Reached XP level 7. HP: 36/36 MP: 14/18
  4662 | D:5      | Entered Level 5 of the Dungeon
  4685 | D:5      | Reached skill level 7 in Spellcasting
  4738 | D:5      | Noticed Eustachio
  5140 | D:5      | Killed Eustachio
  5141 | D:5      | Reached XP level 8. HP: 41/41 MP: 12/21
  5155 | D:5      | Reached skill level 8 in Spellcasting
  5276 | D:5      | Found a runed translucent door.
  5301 | D:5      | Noticed a two-headed ogre
  5309 | D:5      | Killed a two-headed ogre
  5310 | D:5      | Reached skill level 10 in Spellcasting
  5310 | D:5      | Reached skill level 10 in Conjurations
  5588 | D:5      | Noticed a komodo dragon
  5588 | D:5      | Noticed mkat's ghost (novice NaAl)
  5890 | D:5      | Identified a scroll of acquirement
  5890 | D:5      | Acquired a staff of conjuration
  5898 | D:5      | Learned a level 4 spell: Fulminant Prism
  5903 | D:5      | Learned a level 4 spell: Iskenderun's Mystic Blast
  6011 | D:6      | Reached skill level 1 in Translocations
  6011 | D:6      | Reached skill level 1 in Alchemy
  6046 | D:6      | Noticed Prince Ribbit
  6053 | D:6      | Killed Prince Ribbit
  6054 | D:6      | Reached XP level 9. HP: 45/45 MP: 16/25
  6189 | D:6      | Reached skill level 11 in Spellcasting
  7937 | D:7      | Noticed Maggie
  7943 | D:7      | Killed Maggie
  7944 | D:7      | Reached skill level 5 in Translocations
  7944 | D:7      | Reached skill level 5 in Alchemy
  8213 | D:8      | Noticed a sixfirhy
  8213 | D:8      | Found a runed translucent door.
  8327 | D:8      | Reached XP level 10. HP: 50/50 MP: 4/27
  8368 | D:8      | Reached skill level 12 in Spellcasting
  8370 | D:8      | Noticed a two-headed ogre
  8376 | D:8      | Killed a two-headed ogre
  8706 | D:8      | Learned a level 3 spell: Stone Arrow
  8966 | D:8      | Found an opulent altar of Gozag.
  9191 | D:9      | Found a radiant altar of Vehumet.
  9198 | D:9      | Became a worshipper of Vehumet
  9533 | D:9      | Noticed a gargoyle
  9538 | D:9      | Killed a gargoyle
 10387 | D:9      | Reached * piety under Vehumet
 10387 | D:9      | Offered knowledge of Freeze by Vehumet.
 10528 | D:9      | Found Gust's Armour Boutique.
 10575 | D:10     | Entered Level 10 of the Dungeon
 10581 | D:10     | Noticed a two-headed ogre
 10587 | D:10     | Killed a two-headed ogre
 10646 | D:10     | Learned a level 5 spell: Fireball
 10667 | D:10     | Found a basalt altar of Yredelemnul.
 10707 | D:10     | Reached skill level 1 in Fire Magic
 10707 | D:10     | Reached XP level 11. HP: 54/54 MP: 19/29
 10712 | D:10     | Reached skill level 13 in Spellcasting
 11230 | D:10     | Found a stormy altar of Qazlal.
 11232 | D:10     | Found an iron altar of Okawaru.
 11238 | D:10     | Found a bloodstained altar of Trog.
 11239 | D:10     | Found an ancient bone altar of Kikubaaqudgha.
 11241 | D:10     | Found a hazy altar of Hepliaklqana.
 11242 | D:10     | Found a sacrificial altar of Ru.
 11243 | D:10     | Found a shimmering blue altar of Sif Muna.
 11245 | D:10     | Found a glowing silver altar of Zin.
 11279 | D:11     | Noticed Sonja
 11284 | D:11     | Killed Sonja
 11421 | D:11     | Noticed Psyche
 11538 | D:11     | Killed Psyche
 11632 | D:11     | Offered knowledge of Foxfire by Vehumet.
 11634 | D:11     | Reached ** piety under Vehumet
 11823 | D:11     | Noticed a two-headed ogre
 12046 | D:11     | Killed a two-headed ogre
 12047 | D:11     | Reached skill level 5 in Fire Magic
 12263 | D:11     | Found a staircase to the Lair.
 12499 | Lair:1   | Entered Level 1 of the Lair of Beasts
 12786 | Lair:1   | Offered knowledge of Static Discharge by Vehumet.
 12866 | Lair:1   | Noticed Amaemon
 12873 | Lair:1   | Killed Amaemon
 12874 | Lair:1   | Reached skill level 14 in Spellcasting
 12886 | Lair:1   | Reached skill level 10 in Translocations
 12951 | Lair:1   | Reached skill level 10 in Alchemy
 13018 | Lair:1   | Reached XP level 12. HP: 59/59 MP: 11/32
 13090 | Lair:1   | Reached *** piety under Vehumet
 13465 | Lair:1   | Found a runed translucent gate.
 13466 | Lair:1   | Found a runed translucent gate.
 13466 | Lair:1   | Found a runed translucent gate.
 13472 | Lair:1   | Noticed a minotaur
 13473 | Lair:1   | Noticed Imnulubo's ghost (novice TeFE)
 13614 | Lair:1   | Killed Imnulubo's ghost
 13842 | Lair:1   | Killed a minotaur
 14219 | Lair:1   | Identified the +0 ring mail of Goozob {rPois rF- Dex+4}
 14590 | Lair:2   | Noticed a four-headed hydra
 14594 | Lair:2   | Killed a four-headed hydra
 14737 | Lair:2   | Offered knowledge of Dazzling Flash by Vehumet.
 14760 | Lair:2   | Reached skill level 1 in Fighting
 14955 | Lair:2   | Noticed a boulder beetle
 15466 | Lair:2   | Reached **** piety under Vehumet
 15479 | Lair:2   | Reached skill level 15 in Spellcasting
 15828 | Lair:2   | Found a hole to the Spider Nest.
 16516 | Lair:3   | Reached skill level 10 in Fire Magic
 16521 | Lair:3   | Reached XP level 13. HP: 68/68 MP: 10/34
 16752 | Lair:3   | Offered knowledge of Ignite Poison by Vehumet.
 16753 | Lair:3   | Reached skill level 5 in Stealth
 16761 | Lair:3   | Reached skill level 5 in Dodging
 17028 | Lair:3   | Found a staircase to the Shoals.
 17597 | Lair:4   | Found a staircase to the Slime Pits.
 17643 | Lair:4   | Found a viscous altar of Jiyva.
 18472 | Lair:4   | Gained mutation: Your system is resistant to poisons.
                  | (rPois) [potion of mutation]
 18472 | Lair:4   | Lost mutation: Your system is resistant to poisons. (rPois)
                  | [potion of mutation]
 18472 | Lair:4   | Gained mutation: You are partially covered in iridescent
                  | scales. (AC +2) [potion of mutation]
 18473 | Lair:4   | Reached XP level 14. HP: 80/80 MP: 35/35
 18500 | Lair:5   | Entered Level 5 of the Lair of Beasts
 19183 | Lair:5   | Found a shimmering blue altar of Sif Muna.
 19623 | Lair:5   | Reached skill level 16 in Spellcasting
 21170 | D:1      | Bought a scroll of blinking for 90 gold pieces
 21170 | D:1      | Bought a scroll of teleportation for 36 gold pieces
 21170 | D:1      | Bought a scroll of fog for 48 gold pieces
 21170 | D:1      | Bought a scroll of fear for 48 gold pieces
 21482 | D:12     | Reached ***** piety under Vehumet
 21615 | D:12     | Offered knowledge of Starburst by Vehumet.
 21712 | D:11     | Learned a level 6 spell: Starburst
 21994 | D:12     | Reached XP level 15. HP: 80/88 MP: 30/37
 22218 | D:12     | Found a runed translucent door.
 22238 | D:12     | Found a staircase to the Orcish Mines.
 22256 | D:12     | Noticed Curundu's ghost (journeyman MiBe)
 22513 | D:12     | Identified the ring "Puzuif" {Str+6 Stlth+}
 22596 | Orc:1    | Entered Level 1 of the Orcish Mines
 22596 | Orc:1    | Noticed Josephine
 22596 | Orc:1    | Noticed Erolcha
 22600 | Orc:1    | Killed Erolcha
 22603 | Orc:1    | Killed Josephine
 23001 | Orc:2    | Entered Level 2 of the Orcish Mines
 23001 | Orc:2    | Found Dajumat's General Store.
 23005 | Orc:2    | Reached skill level 10 in Stealth
 23065 | Orc:2    | Bought a book of Spatial Translocations for 252 gold pieces
 23068 | Orc:2    | Learned a level 2 spell: Blink
 23141 | Orc:2    | Reached skill level 17 in Spellcasting
 23363 | Orc:2    | Reached skill level 10 in Dodging
 24142 | Orc:2    | Offered knowledge of Flame Wave by Vehumet.
 25041 | Orc:2    | Found a staircase to the Elven Halls.
 25152 | Orc:2    | Reached skill level 18 in Spellcasting
 25234 | Orc:2    | Found Teefuth's Antique Weapon Shoppe.
 25234 | Orc:2    | Found Qevi's Weapon Shop.
 25235 | Orc:2    | Found Kemea's General Store.
 25235 | Orc:2    | Found Ofosoucw's Distillery.
 25244 | Orc:2    | Bought a potion of heal wounds for 55 gold pieces
 25244 | Orc:2    | Bought a potion of haste for 110 gold pieces
 25795 | Orc:2    | Learned a level 4 spell: Flame Wave
 26596 | D:13     | You fall into a shaft and drop 1 floor!
 27222 | D:14     | Noticed Roxanne
 28240 | Spider:1 | Entered Level 1 of the Spider Nest
 28516 | Spider:1 | Reached XP level 16. HP: 93/93 MP: 36/40
 28774 | Spider:1 | Noticed Rupert
 28782 | Spider:1 | Killed Rupert
 29410 | Spider:2 | Reached skill level 19 in Spellcasting
 29411 | Spider:2 | Noticed Mlioglotl
 29411 | Spider:2 | Noticed Frances
 29418 | Spider:2 | Noticed a tentacled starspawn
 30197 | Spider:2 | Slain by a demonic crawler

Illustrated notes

Levels and vault maps discovered:
D:1:      nzn_arrival_depleted_hourglass, layout_basic, serial_shops,
          nicolae_shop_tiny_real_fake_doors
D:2:      layout_loops_ring, shapermc_ecumenical_altar_petra,
          minmay_crystal_water
D:3:      layout_basic, mainiacjoe_overflow_divided_tiny, st_stairs_11,
          minmay_tree_intersection, nicolae_underground_beach, uniq_sigmund
D:4:      layout_basic, mainiacjoe_overflow_six_doors_small,
          minmay_temple_entry_crystal_x, hangedman_decor_growths,
          grunt_ministairs_10
D:5:      layout_rooms, ebering_ghost_inner_flame, chequers_avenue,
          uniq_eustachio
D:6:      layout_rooms, uniq_prince_ribbit1
D:7:      layout_basic, uniq_maggie
D:8:      cheibrodos_shockbox, layout_cave_pools, mainiacjoe_overflow_brackets
D:9:      layout_loops_ring, old_standard_altar, serial_shops,
          nicolae_shop_back_alley_shop
D:10:     layout_rooms, minitemple, nicolae_overflow_crystal_walls
D:11:     layout_rooms, lair_entry_dummy, portal_ice_cave_rime, uniq_psyche,
          uniq_sonja
D:12:     layout_cave_pools, orc_0_dummy, ebering_ghost_reflecting_pool,
          nicolae_letterblocks [nicolae_letter_subblock,
          nicolae_letter_subblock, nicolae_letter_subblock,
          nicolae_letter_subblock, nicolae_letter_subblock,
          nicolae_letter_subblock, nicolae_letter_subblock,
          nicolae_letter_subblock, nicolae_letter_subblock,
          nicolae_letter_subblock, nicolae_letter_subblock,
          nicolae_letter_subblock, nicolae_letter_subblock,
          nicolae_letter_subblock, nicolae_letter_subblock,
          nicolae_letter_subblock, nicolae_letter_subblock,
          nicolae_letter_subblock, nicolae_letter_subblock,
          nicolae_letter_subblock, nicolae_letter_subblock,
          nicolae_letter_subblock, nicolae_letter_subblock,
          nicolae_letter_subblock, nicolae_letter_subblock]
D:13:     layout_basic, grunt_vaults_entry_fortified, zin_purify
D:14:     layout_cave_pods, grunt_decor_cap, uniq_roxanne
Temple:   nicolae_temple_godpark
Lair:1:   layout_chaotic_city, maelrawn_ghost_gauntlet_escape, minivault_26,
          uniq_amaemon
Lair:2:   beast_lair_carwin_large_3, layout_loops_ring,
          nicolae_spider_entry_non_spiders, hangedman_lair_unloving_vines,
          serial_bayou_pond_b
Lair:3:   layout_concentric_octagons, minmay_shoals_entry_hut
Lair:4:   layout_gridlike, minmay_slime_entry_oklob_open
Lair:5:   evilmike_catoblepas_cave, layout_layer_cave, basic_altar
Spider:1: layout_spider_delve, nicolae_spider_circle_web, uniq_rupert
Spider:2: layout_cave_pods, uniq_mlioglotl, uniq_frances
Orc:1:    cheibrodos_orc_guarddog, layout_caves, basic_altar, uniq_josephine,
          uniq_erolcha
Orc:2:    st_orc_ogre_mass, layout_caves, serial_shops, shop

Skill      XL: |  1  2  3  4  5  6  7  8  9 10 11 12 13 14 15 16 |
---------------+-------------------------------------------------+-----
Conjurations   | 5 6 7 8 9 10 11 12 | 12.3
Spellcasting   | 4 5 6 7 10 11 12 14 15 16 18 19 | 19.1
Translocations | 1 6 8 10 | 10.6
Alchemy        | 1 6 8 10 | 10.6
Fire Magic     | 1 7 10 12 13 | 13.5
Dodging        | 4 5 8 10 | 10.0
Stealth        | 4 6 9 10 | 10.0
Fighting       | 2 6 8 |  8.0

Action                     |  1- 3 |  4- 6 |  7- 9 | 10-12 | 13-15 | 16-18 || total
---------------------------+-------+-------+-------+-------+-------+-------++-------
  Melee: Staff             |       |       |       |     4 |       |       ||     4
   Cast: Magic Dart        |    68 |    51 |    95 |    79 |    51 |     9 ||   353
         Searing Ray       |     7 |    18 |    48 |    20 |     1 |       ||    94
         Iskenderun's Myst |       |       |     7 |    76 |   138 |    40 ||   261
         Fulminant Prism   |       |       |     5 |    37 |    71 |     8 ||   121
         Stone Arrow       |       |       |       |   152 |   282 |    60 ||   494
         Fireball          |       |       |       |    13 |    26 |     3 ||    42
         Flame Wave        |       |       |       |       |     1 |     3 ||     4
         Starburst         |       |       |       |       |     1 |       ||     1
         Blink             |       |       |       |       |       |     3 ||     3
    Use: Scroll            |       |       |    10 |    12 |     6 |     6 ||    34
         Potion            |       |       |     1 |     5 |     6 |     9 ||    21
 Armour: Robe              |       |     2 |    17 |    34 |    66 |    63 ||   182
         Steam dragon scal |       |       |     7 |    23 |       |       ||    30
  Dodge: Dodged            |     2 |     8 |    28 |    44 |    63 |    70 ||   215
  Block: Other             |       |       |       |    10 |    15 |    13 ||    38
         Reflection        |       |       |       |     1 |     6 |       ||     7
